 Dungeon Crawl Stone Soup version 0.28-a0-268-g3f656e82c2 (webtiles) character file.

Game seed: 773587344961961675

170 theanonym the Chopper (level 5, -2/43 HPs)
             Began as a Formicid Monk on Aug 28, 2021.
             Killed by nerve-wracking pain
             ... invoked by Grinder
              (5 damage)
             ... on level 3 of the Dungeon.
             The game lasted 00:02:37 (2660 turns).

theanonym the Chopper (Formicid Monk)               Turns: 2660, Time: 00:02:37

Health: -2/43      AC:  5    Str: 17    XL:     5   Next: 80%
Magic:  5/5        EV: 11    Int:  7    God:
Gold:   93         SH:  0    Dex: 13    Spells: 4/4 levels left

rFire   + . .      SeeInvis +   c - +0 war axe
rCold   + . .      Faith    .   (no shield)
rNeg    . . .      Spirit   .   d - +0 ring mail
rPois   +          Reflect  .   (helmet unavailable)
rElec   +          Harm     .   (no cloak)
rCorr   +          Rampage  .   (no gloves)
Will    .....                   (no boots)
Stlth   +.........              (no amulet)
HPRegen 0.14/turn               (no ring)
MPRegen 0.09/turn               (no ring)

@: brilliant, resistant
A: permanent stasis, dig shafts and tunnels, antennae 3, four strong arms, dopey
1
a: Dig, Shaft Self


Innate Abilities, Weirdness & Mutations

You cannot be hasted, slowed, berserked, paralysed or teleported.
You can dig through walls and to a lower floor.
You have a pair of large antennae on your head. (SInv)
Your four strong arms can wield two-handed weapons with a shield.
You are dopey. (Int -2)


   Skills:
 + Level 4.3 Fighting
 * Level 4.8 Axes
 + Level 2.4 Armour
 - Level 2.6 Dodging
 - Level 2.4 Stealth


You had 4 spell levels left.
You didn't know any spells.
Your spell library contained the following spells:

 Spells                   Type           Power      Damage    Failure   Level
 Beastly Appendage        Tmut           0%         N/A       63%         1
 Wereblood                Tmut           0%         N/A       77%         2
 Gell's Gravitas          Tloc           0%         N/A       94%         3
 Lesser Beckoning         Tloc           0%         N/A       94%         3
 Spider Form              Tmut/Pois      0%         N/A       94%         3
 Teleport Other           Tloc           0%         N/A       94%         3
 Fireball                 Conj/Fire      0%         3d3       100%        5
 Iskenderun's Battlesphe  Conj           0%         2d6       100%        5
 Conjure Ball Lightning   Conj/Air       0%         3x3d6     100%        6
 Orb of Destruction       Conj           0%         N/A       100%        7

Skill      XL: |  1  2  3  4 |
---------------+-------------+-----
Armour         | 1 2 |  2.4
Axes           | 4 |  4.8
Fighting       | 4 |  4.3
Dodging        | |  2.6
Stealth        | |  2.4

Action                   |  1- 3 |  4- 6 || total
-------------------------+-------+-------++-------
Melee: Hand axe          |    17 |       ||    17
       War axe           |    76 |    72 ||   148
  Use: Potion            |       |     5 ||     5
 Stab: Sleeping          |       |     2 ||     2
Armor: Robe              |     3 |       ||     3
       Ring mail         |    34 |    32 ||    66
Dodge: Dodged            |    65 |    61 ||   126

Inventory:

Hand Weapons
 a - a +0 hand axe
 c - a +0 war axe (weapon)
Armour
 b - a +0 robe
 d - a +0 ring mail (worn)
Scrolls
 h - a scroll of noise {unknown}
 j - a scroll of vulnerability {unknown}


You were on level 3 of the Dungeon.
You visited 1 branch of the dungeon, and saw 3 of its levels.

You collected 93 gold pieces.

Dungeon Overview and Level Annotations

Branches:
Dungeon (3/15)

Altars:
Trog

Annotations:
D:3 Grinder

.### #... ..#
...######.##### #.#
..............# #.#
...........##.###.#
....<...........#.#
..#..####..##.#.#.#
###..# #..##.#.#5#
#..# #..##.#.#.#
#..# #.......@.#
#..# #.###.#.###
#..# #.# #.#.# #..#
#.# #.#.# ..# #.#.#
.. ..#.# ##. ###.#
.. #.# #.#


You could see Grinder.

Notes
Turn   | Place    | Note
-------+----------+-------------------------------------------
     0 | D:1      | theanonym the Formicid Monk began the quest for the Orb.
     0 | D:1      | Reached XP level 1. HP: 18/18 MP: 1/1
    30 | D:1      | HP: 9/18 [quokka (3)]
    31 | D:1      | HP: 4/18 [quokka (5)]
    33 | D:1      | HP: 1/18 [quokka (4)]
   345 | D:1      | HP: 9/18 [frozen (2)]
   346 | D:1      | HP: 4/18 [frozen (5)]
   346 | D:1      | HP: 1/18 [frozen (3)]
   673 | D:1      | Reached XP level 2. HP: 24/24 MP: 2/2
   780 | D:1      | Reached skill level 1 in Armour
   821 | D:1      | Reached XP level 3. HP: 23/29 MP: 3/3
  1388 | D:2      | Reached XP level 4. HP: 35/37 MP: 4/4
  1390 | D:2      | Noticed Robin
  1395 | D:2      | HP: 16/37 [hobgoblin[Robin] (6)]
  1401 | D:1      | Reached skill level 4 in Axes
  1636 | D:2      | Killed Robin
  1804 | D:2      | Noticed Natasha
  1813 | D:2      | Killed Natasha
  1814 | D:2      | Reached skill level 4 in Fighting
  1814 | D:2      | Reached skill level 2 in Armour
  1814 | D:2      | Reached XP level 5. HP: 35/42 MP: 5/5
  1874 | D:2      | Noticed Natasha
  1890 | D:2      | Killed Natasha
  2100 | D:2      | Found a bloodstained altar of Trog.
  2181 | D:2      | Noticed Natasha
  2187 | D:2      | Killed Natasha
  2646 | D:3      | Noticed Grinder
  2654 | D:3      | Gained mutation: You are dopey. (Int -2) [potion of
                  | mutation]
  2656 | D:3      | HP: 21/43 [Grinder (5)]
  2659 | D:3      | HP: 9/43 [Grinder (9)]
  2659 | D:3      | HP: 3/43 [Grinder (6)]
  2660 | D:3      | Killed from afar by Grinder

Vanquished Creatures
  Natasha (thrice) (D:2)
  Robin (D:2)
  2 adders
  An orc (D:3)
  3 bats (D:1)
  2 endoplasms (D:1)
  2 giant cockroaches (D:1)
  11 goblins
  7 hobgoblins
  8 kobolds
  2 quokkas
  8 ball pythons
  7 frilled lizards
  8 rats
65 creatures vanquished.

Table legend: (Time is in decaauts)
 A = Elapsed time spent in this place.
 B = Non-inter-level travel time spent in this place.
 C = Inter-level travel time spent in this place.
 D = Time resting spent in this place.
 E = Time spent auto-exploring this place.
 F = Levels seen in this place.
 G = Mean time per level.
                   A        B        C        D        E       F      G
               +--------+--------+--------+--------+--------+-----+--------+
         Total |   2706 |   2671 |     35 |   1237 |   1007 |   3 |  902.0 |
       Dungeon |   2706 |   2671 |     35 |   1237 |   1007 |   3 |  902.0 |
               +--------+--------+--------+--------+--------+-----+--------+

Top non-repeatable levels by time:
     D:1: 1516 daAuts
     D:2: 1140 daAuts
     D:3: 49 daAuts
